 Dungeon Crawl Stone Soup version 0.27-a0-1232-gc6a4cbde82 (webtiles) character file.

Game seed: 8771347183587502945

73 hatdisgam the Covert (level 4, -1/41 HPs)
             Began as a Gnoll Delver on June 8, 2021.
             Slain by a lemure (8 damage)
             ... led by Pikel
             ... on level 3 of the Dungeon.
             The game lasted 00:01:31 (492 turns).

hatdisgam the Covert (Gnoll Delver)                  Turns: 492, Time: 00:01:32

Health: -1/41      AC:  4    Str: 12    XL:     4   Next: 27%
Magic:  5/5        EV: 13    Int: 10    God:
Gold:   10         SH:  0    Dex: 13    Spells: 5/5 levels left

rFire    . . .     SeeInvis .   f - +4 mace (vorpal)
rCold    . . .     Faith    .   (no shield)
rNeg     . . .     Spirit   .   b - +0 leather armour
rPois    .         Reflect  .   h - +0 helmet
rElec    .         Harm     .   (no cloak)
rCorr    .         Rampage  .   (no gloves)
Will     .....                  (no boots)
Stlth    ++++......             (no amulet)
HPRegen  0.13/turn              (no ring)
MPRegen  0.09/turn              (no ring)

@: no status effects
A: fangs 1, strong nose, distributed training
a: no special abilities


You were on level 3 of the Dungeon.
You visited 1 branch of the dungeon, and saw 3 of its levels.

You collected 10 gold pieces.

Inventory:

Hand Weapons
 a - a +0 falchion
 f - a +4 vorpal mace (weapon)
Armour
 b - a +0 leather armour (worn)
 h - a +0 helmet (worn)
Wands
 g - a wand of digging (3)
Scrolls
 c - a scroll of fog
 d - a scroll of magic mapping


   Skills:
 + Level 6.6 Fighting
 + Level 1.1 Short Blades
 + Level 4.6 Long Blades
 + Level 1.1 Axes
 + Level 1.1 Maces & Flails
 + Level 1.1 Polearms
 + Level 1.1 Staves
 + Level 1.1 Slings
 + Level 1.1 Bows
 + Level 1.1 Crossbows
 + Level 1.1 Throwing
 + Level 1.1 Armour
 + Level 4.6 Dodging
 + Level 9.6 Stealth
 + Level 1.1 Shields
 + Level 1.1 Unarmed Combat
 + Level 1.1 Spellcasting
 + Level 0.8 Conjurations
 + Level 0.8 Hexes
 + Level 0.8 Summonings
 + Level 0.8 Necromancy
 + Level 0.8 Translocations
 + Level 0.8 Transmutations
 + Level 0.8 Fire Magic
 + Level 0.8 Ice Magic
 + Level 0.8 Air Magic
 + Level 0.8 Earth Magic
 + Level 0.8 Poison Magic
 + Level 1.2 Invocations
 + Level 1.1 Evocations


You had 5 spell levels left.
You didn't know any spells.
Your spell library was empty.

Dungeon Overview and Level Annotations

Branches:
Dungeon (5/15)
 Temple: D:4-7

Altars:
Okawaru
Xom

Annotations:
D:4 Pikel


Innate Abilities, Weirdness & Mutations

You have very sharp teeth.
Your uncanny sense of smell can sniff out nearby items.
Your experience applies equally to all skills.


Message History

You feel sick.
Cornered, the scorpion turns to fight!
You feel sick.
The adder hisses angrily.
You feel sick.
You feel sick.
You are no longer poisoned.
Found a stone staircase leading up.
An adder comes into view.
The adder moves out of view.
Found 15 poisoned darts.
There is a stone staircase leading up here.
The adder hisses angrily.
The lemure hits you.
* * * LOW HITPOINT WARNING * * *
You climb upwards.
Found a shimmering altar of Xom and an iron altar of Okawaru.
There is a stone staircase leading down here.
Unknown command.
Unknown command.
You completely miss the lemure. The lemure closely misses you.
Unknown command.
You hit the lemure. You bite the lemure, but do no damage.
The lemure is lightly wounded.
The lemure hits you but does no damage. The lemure hits you.
* * * LOW HITPOINT WARNING * * *
You hit the lemure.
The lemure is lightly wounded.
The lemure closely misses you.
Unknown command.
You aren't carrying any potions.
You closely miss the lemure.
The lemure is lightly wounded.
The lemure hits you but does no damage. The lemure hits you.
* * * LOW HITPOINT WARNING * * *
You aren't carrying any potions.
Unknown command.
You hit the lemure.
The lemure is heavily wounded.
The lemure hits you!
You die...

#... #...
#....
#.... ###
......#
..#.##
#####
##@##
#85..8#
#.....#
#8.....8#
##.....##
#8...8#
#.....# ∆
_....._


You could see a lemure.

Vanquished Creatures
  Blork the orc (D:4)
  An adder (D:5)
  A kobold (D:4)
3 creatures vanquished.

Notes
Turn   | Place    | Note
-------+----------+-------------------------------------------
     0 | D:5      | Reached skill level 9 in Stealth
     0 | D:5      | hatdisgam the Gnoll Delver began the quest for the Orb.
     0 | D:5      | Reached XP level 1. HP: 23/23 MP: 1/1
    18 | D:5      | Reached XP level 2. HP: 24/29 MP: 2/2
    79 | D:5      | Noticed a black bear
    84 | D:4      | Noticed Blork the orc
   134 | D:4      | Killed Blork the orc
   135 | D:4      | Reached skill level 1 in Short Blades
   135 | D:4      | Reached skill level 1 in Axes
   135 | D:4      | Reached skill level 1 in Maces & Flails
   135 | D:4      | Reached skill level 1 in Polearms
   135 | D:4      | Reached skill level 1 in Staves
   135 | D:4      | Reached skill level 1 in Slings
   135 | D:4      | Reached skill level 1 in Bows
   135 | D:4      | Reached skill level 1 in Crossbows
   135 | D:4      | Reached skill level 1 in Throwing
   135 | D:4      | Reached skill level 1 in Armour
   135 | D:4      | Reached skill level 1 in Shields
   135 | D:4      | Reached skill level 1 in Unarmed Combat
   135 | D:4      | Reached skill level 1 in Spellcasting
   135 | D:4      | Reached skill level 1 in Invocations
   135 | D:4      | Reached skill level 1 in Evocations
   135 | D:4      | Reached XP level 3. HP: 16/35 MP: 2/4
   135 | D:4      | Reached XP level 4. HP: 19/41 MP: 2/5
   143 | D:4      | Noticed a scorpion
   443 | D:4      | Noticed Pikel
   443 | D:4      | Noticed a lemure
   443 | D:4      | Noticed a lemure
   444 | D:4      | Noticed a lemure
   448 | D:4      | Noticed a lemure
   467 | D:4      | Noticed a scorpion
   487 | D:3      | Found a shimmering altar of Xom.
   487 | D:3      | Found an iron altar of Okawaru.
   492 | D:3      | Slain by a lemure

Illustrated notes

Levels and vault maps discovered:
D:3:      layout_basic, kennysheep_slug_shrine, nicolae_overflow_hidden_temple,
          amcnicky_altar_gilded, serial_shops, nicolae_shop_stone, shop
D:4:      layout_cave_pools, minmay_temple_entry_nine_rooms, uniq_blork_the_orc,
          uniq_pikel
D:5:      layout_loops_ring, zin_purify, serial_shops,
          nicolae_shop_temple_entry_statues_fountains, shop, shop,
          nicolae_shop_trees, nicolae_shop_stone

Skill      XL: |  1  2 |
---------------+-------+-----
Stealth        | |  9.6
Short Blades   | 1 |  1.1
Axes           | 1 |  1.1
Maces & Flails | 1 |  1.1
Polearms       | 1 |  1.1
Staves         | 1 |  1.1
Slings         | 1 |  1.1
Bows           | 1 |  1.1
Crossbows      | 1 |  1.1
Throwing       | 1 |  1.1
Armour         | 1 |  1.1
Shields        | 1 |  1.1
Unarmed Combat | 1 |  1.1
Spellcasting   | 1 |  1.1
Invocations    | 1 |  1.2
Evocations     | 1 |  1.1
Fighting       | |  6.6
Long Blades    | |  4.6
Dodging        | |  4.6
Conjurations   | |  0.8
Hexes          | |  0.8
Summonings     | |  0.8
Necromancy     | |  0.8
Translocations | |  0.8
Transmutations | |  0.8
Fire Magic     | |  0.8
Ice Magic      | |  0.8
Air Magic      | |  0.8
Earth Magic    | |  0.8
Poison Magic   | |  0.8

Action                   |  1- 3 |  4- 6 || total
-------------------------+-------+-------++-------
Melee: Falchion          |    14 |     1 ||    15
       Bite              |     1 |     1 ||     2
       Mace              |       |     6 ||     6
  Use: Potion            |     1 |       ||     1
       Scroll            |       |     1 ||     1
Armor: Leather armour    |     1 |     6 ||     7
Dodge: Dodged            |     6 |     9 ||    15
       Rpst.: Falchion   |     2 |       ||     2

Table legend: (Time is in decaauts)
 A = Elapsed time spent in this place.
 B = Non-inter-level travel time spent in this place.
 C = Inter-level travel time spent in this place.
 D = Time resting spent in this place.
 E = Time spent auto-exploring this place.
 F = Levels seen in this place.
 G = Mean time per level.
                   A        B        C        D        E       F      G
               +--------+--------+--------+--------+--------+-----+--------+
         Total |    475 |    475 |      0 |    253 |     86 |   3 |  158.3 |
       Dungeon |    475 |    475 |      0 |    253 |     86 |   3 |  158.3 |
               +--------+--------+--------+--------+--------+-----+--------+

Top non-repeatable levels by time:
     D:4: 385 daAuts
     D:5: 84 daAuts
     D:3: 6 daAuts
